AoeStats
← QNa_NguaHoang

Arena

509875696Analyzed
4v4 RM · 3d ago on Sep 28, 2026· 66m 19s· 8 players
Game mode
Random Map
Map size
Large (8 player)
Population
200
Speed
Normal
Resources
Standard
Victory
Conquest
Starting age
Dark Age
Ending age
Imperial Age
RankedLock teamsTeams togetherTeam positionsShared explorationLock speedFull tech treeHidden civsTurbo modeCheats
Victory
Defeat
🇻🇳 Burmese · Vietnam
1280
+13
🇹🇼 Spanish · Taiwan
1269
+14
🇹🇼 Varangians · Taiwan
1261
+14
🇺🇸 Byzantines · United States
1245
+15
🇨🇳 Poles · China
1258
-17
🇨🇳 Vietnamese · China
1230
-14
🇨🇳 Franks · China
1198
-13
🇨🇳 Britons · China
1175
-12
软脚虾
9:32 Feudal Age
13:57 Castle Age
13:45 Loom
14:35 Double-Bit Axe
23:03 Scale Mail Armor
35:52 Imperial Age
33:47 Ordonnance Companies
35:03 Bow Saw
36:11 Chain Mail Armor
36:07 Forging
36:37 Forging
42:48 Plate Mail Armor
42:54 Iron Casting
46:36 Elite Throwing Axeman
48:04 Gold Mining
50:03 Blast Furnace
50:46 Wheelbarrow
52:17 Gold Shaft Mining
52:04 Hand Cart
52:13 Scale Barding Armor
53:07 Husbandry
52:28 Cavalier
52:46 Light Cavalry
53:34 Town Watch
54:32 Town Patrol
54:55 Chain Barding Armor
56:59 Paladin
LXS babe
10:54 Feudal Age
14:49 Castle Age
13:09 Double-Bit Axe
19:52 Horse Collar
23:01 Bow Saw
24:27 Wheelbarrow
26:03 Hand Cart
27:38 Gold Mining
28:47 Heavy Plow
29:37 Gold Shaft Mining
28:55 Stone Mining
32:54 Imperial Age
31:01 Ballistics
30:36 Murder Holes
30:52 Fortified Wall
30:34 Fletching
30:44 Padded Archer Armor
30:47 Squires
30:33 Arson
30:44 Loom
30:45 Town Watch
31:33 Bodkin Arrow
32:27 Leather Archer Armor
34:42 Chemistry
33:45 Bracer
34:16 Ring Archer Armor
34:22 Conscription
35:06 Treadmill Crane
35:38 Masonry
37:58 Architecture
37:14 Arrowslits
37:37 Elite Longbowman
38:18 Warwolf
38:38 Yeomen
40:24 Hoardings
46:15 Pikeman
46:57 Scale Mail Armor
47:07 Forging
47:10 Halberdier
49:09 Chain Mail Armor
49:30 Iron Casting
relax
11:23 Feudal Age
10:09 Loom
15:03 Castle Age
13:04 Double-Bit Axe
14:32 Horse Collar
18:06 Wheelbarrow
18:47 Gold Mining
19:58 Light Cavalry
20:49 Bloodlines
21:41 Scale Barding Armor
23:16 Hand Cart
23:07 Husbandry
23:30 Chain Barding Armor
25:06 Forging
27:39 Iron Casting
27:01 Stone Mining
29:32 Stone Shaft Mining
30:40 Bow Saw
30:34 Heavy Plow
33:16 Imperial Age
31:06 Szlachta Privileges
33:52 Cavalier
35:36 Blast Furnace
36:12 Crop Rotation
35:48 Winged Hussar
36:54 Conscription
38:16 Treadmill Crane
38:44 Siege Engineers
39:13 Lechitic Legacy
47:12 Hoardings
47:01 Ballistics
46:37 Murder Holes
46:53 Masonry
46:25 Treadmill Crane
55:25 Fortified Wall
57:15 Fletching
_OMO_
10:58 Feudal Age
11:53 Loom
12:42 Double-Bit Axe
17:15 Castle Age
16:12 Horse Collar
18:09 Bow Saw
19:06 Heavy Plow
19:10 Fletching
20:58 Scale Mail Armor
25:18 Wheelbarrow
26:11 Chain Mail Armor
26:41 Squires
28:00 Hand Cart
34:26 Imperial Age
32:02 Heavy Plow
31:55 Gold Mining
33:41 Bodkin Arrow
33:46 Padded Archer Armor
34:08 Ballistics
33:30 Treadmill Crane
35:07 Thumb Ring
34:23 Crossbowman
35:15 Bracer
35:31 Leather Archer Armor
36:18 Two-Man Saw
36:20 Chemistry
35:29 Arbalester
36:48 Stone Mining
37:18 Guilds
38:48 Ring Archer Armor
38:51 Elite Skirmisher
40:42 Crop Rotation
40:47 Coinage
40:42 Imperial Skirmisher
42:30 Bombard Tower
45:12 Banking
47:13 Fortified Wall
XYZ
7:03 Loom
9:14 Feudal Age
11:21 Double-Bit Axe
11:20 Horse Collar
21:50 Castle Age
23:28 Wheelbarrow
24:03 Bow Saw
29:59 Gold Mining
29:59 Stone Mining
31:16 Heavy Plow
34:11 Imperial Age
33:45 Stone Shaft Mining
33:39 Hand Cart
34:29 Scale Barding Armor
34:35 Forging
34:27 Husbandry
34:38 Bloodlines
34:57 Town Watch
35:55 Conscription
39:29 Iron Casting
39:14 Chain Barding Armor
39:04 Padded Archer Armor
39:41 Iron Casting
39:26 Chain Barding Armor
39:49 Hoardings
39:35 Onager
39:37 Capped Ram
42:29 Elite Conquistador
43:05 Siege Ram
44:48 Fletching
45:13 Leather Archer Armor
45:58 Blast Furnace
45:33 Plate Barding Armor
46:25 Two-Man Saw
47:34 Supremacy
48:11 Light Cavalry
48:14 Cavalier
49:01 Hussar
51:36 Caravan
52:07 Coinage
51:48 Guilds
55:16 Banking
58:37 Chemistry
60:42 Thumb Ring
61:11 Ring Archer Armor
60:37 Bodkin Arrow
60:43 Scale Mail Armor
65:08 Town Patrol
65:16 Inquisition
ss851228tw
9:19 Feudal Age
14:05 Castle Age
12:17 Double-Bit Axe
12:21 Horse Collar
15:25 Wheelbarrow
22:55 Gold Mining
27:53 Imperial Age
25:43 Forging
26:01 Heavy Plow
25:59 Stone Mining
27:16 Iron Casting
28:19 Stone Shaft Mining
28:27 Bloodlines
28:18 Husbandry
28:33 Scale Barding Armor
29:54 Blast Furnace
30:08 Conscription
30:24 Loom
30:05 Elite Jarl
31:52 Chain Barding Armor
31:23 Elite Jarl
34:17 Hand Cart
35:31 Bow Saw
41:37 Light Cavalry
43:07 Plate Barding Armor
44:33 Hussar
54:08 Guilds
54:30 Coinage
58:14 Banking
SLAMCOW
8:38 Loom
10:24 Feudal Age
16:11 Castle Age
14:12 Double-Bit Axe
17:40 Bow Saw
17:13 Horse Collar
19:08 Wheelbarrow
22:30 Heavy Plow
24:26 Scale Barding Armor
25:40 Husbandry
26:30 Chain Barding Armor
28:33 Hand Cart
29:01 Forging
29:45 Hand Cart
33:48 Imperial Age
32:12 Iron Casting
32:29 Fletching
32:39 Padded Archer Armor
33:58 Gold Mining
34:37 Bodkin Arrow
34:05 Crossbowman
35:21 Arbalester
36:48 Bracer
37:04 Leather Archer Armor
37:41 Plate Barding Armor
36:56 Heavy Camel Rider
39:00 Ballistics
40:24 Ring Archer Armor
QNa_NguaHoang
2:02 Loom
11:31 Feudal Age
16:10 Castle Age
14:42 Stone Mining
16:24 Wheelbarrow
26:01 Hand Cart
31:03 Horse Collar
35:51 Imperial Age
35:40 Pikeman
36:21 Squires
36:34 Arson
37:07 Heavy Plow
37:14 Halberdier
38:43 Forging
38:33 Scale Mail Armor
38:42 Padded Archer Armor
38:32 Fletching
39:05 Elite Skirmisher
41:45 Iron Casting
43:47 Blast Furnace
46:18 Bodkin Arrow
47:58 Bracer
48:36 Chain Mail Armor
51:24 Ballistics
52:05 Chemistry
52:01 Plate Mail Armor
54:50 Heavy Cavalry Archer
55:57 Parthian Tactics
Connection lost

Rejoining the realm…

Still unreachable

The connection could not be restored.

Session expired

The server has moved on; the page needs a fresh start.